 Dungeon Crawl Stone Soup version 0.29.1-2-gbd0b4ee654 (webtiles) character file.

Game seed: 4711305307555835038

52 zeram the Shield-Bearer (level 3, -2/23 HPs)
             Began as a Gargoyle Fighter on Nov 10, 2022.
             Killed by divine providence
             ... invoked by an orc priest
              (13 damage)
             ... on level 3 of the Dungeon.
             The game lasted 00:02:19 (1728 turns).

zeram the Shield-Bearer (Gargoyle Fighter)          Turns: 1728, Time: 00:02:20

Health: -2/23      AC: 16    Str: 21    XL:     3   Next: 85%
Magic:  12/12      EV:  5    Int:  8    God:
Gold:   148        SH:  4    Dex:  9    Spells: 2/2 levels left

rFire   . . .      SeeInvis .   a - +0 flail
rCold   . . .      Faith    .   c - +0 buckler
rNeg    + . .      Spirit   .   m - +0 plate armour
rPois   ∞          Reflect  .   (no helmet)
rElec   +          Harm     .   i - +0 cloak
rCorr   .          Rampage  .   (no gloves)
Will    .....                   (no boots)
Stlth   ..........              (no amulet)
HPRegen 0.07/turn               g - ring of magical power
MPRegen 0.13/turn               (no ring)

@: mighty
A: sickness immunity, AC +3, negative energy resistance 1, electricity
resistance, torment resistance 1, petrification resistance
a: no special abilities


You were on level 3 of the Dungeon.
You visited 1 branch of the dungeon, and saw 3 of its levels.

You collected 148 gold pieces.

Inventory:

Hand Weapons
 a - a +0 flail (weapon)
Armour
 b - a +0 scale mail
 c - a +0 buckler (worn)
 i - a +0 cloak (worn)
 m - a +0 plate armour (worn)
Jewellery
 g - a ring of magical power (left hand)
Scrolls
 e - a scroll of amnesia {unknown}
 h - 2 scrolls of immolation
 j - a scroll of fog {unknown}
 k - a scroll of enchant armour {unknown}
 n - a scroll of fear {unknown}
 p - a scroll of identify
Potions
 d - a potion of might
 f - 2 potions of curing
 l - a potion of flight
 o - a potion of invisibility


   Skills:
 + Level 3.6 Fighting
 + Level 2.7 Maces & Flails
 + Level 3.7 Armour
 + Level 0.2 Dodging
 + Level 3.9 Shields


You had 2 spell levels left.
You didn't know any spells.
Your spell library contained the following spells:

 Spells                   Type           Power      Damage    Failure   Level
 Apportation              Tloc           0%         N/A       100%        1
 Necrotise                Necr           0%         1d4       100%        1
 Summon Small Mammal      Summ           0%         N/A       100%        1
 Portal Projectile        Hex/Tloc       0%         N/A       100%        3
 Tukima's Dance           Hex            0%         N/A       100%        3
 Blade Hands              Tmut           0%         N/A       100%        5


Dungeon Overview and Level Annotations

Branches:
Dungeon (3/15)

Altars:


Innate Abilities, Weirdness & Mutations

You are immune to sickness and miasma.
Your stone body is resilient. (AC +3)
You are immune to poison.
You resist negative energy. (rN+)
You are resistant to electric shocks. (rElec)
You are resistant to unholy torment.
You are immune to petrification.


Message History

You barely miss the orc priest.
The orc priest looks encouraged for a moment.
The orc hits you but does no damage.
You hit the orc priest but do no damage.
The orc priest hits you with a +0 short sword.
The orc hits you but does no damage. The orc hits you with a +0 falchion.
* * * LOW HITPOINT WARNING * * *
The orc hits you but does no damage. You block the orc's attack.
The orc priest looks encouraged for a moment.
You are too injured to fight recklessly!
You barely miss the orc priest.
The orc priest hits you but does no damage.
The orc hits you but does no damage. x2
Unknown command.
You feel better. The orc hits you but does no damage.
The orc priest barely misses you. The orc barely misses you.
You feel very mighty all of a sudden.
The orc priest hits you but does no damage.
The orc hits you but does no damage. The orc completely misses you.
You hit the orc priest but do no damage.
The orc priest hits you but does no damage.
The orc hits you but does no damage. The orc completely misses you.
Unknown command.
You sock the orc priest!
The orc priest is severely wounded.
The orc priest looks satisfied for a moment.
You block the orc's attack. The orc hits you but does no damage. x3
The orc priest hits you with a +0 short sword.
Unknown command.
You barely miss the orc priest.
The orc priest is severely wounded.
The orc priest hits you but does no damage.
The orc barely misses you. The orc hits you but does no damage.
Unknown command.
You closely miss the orc priest.
The orc priest is severely wounded.
The orc priest calls down the wrath of Beogh upon you.
Beogh smites you!
Ouch! That really hurt!
You die...

##.#...## #.#
...#.#.###.#
##....##)##.#
##.....#.....#
#####.............
#.?...........###.
#.###.............
#.##.........>.##.
#@##...........###
#....ooo............#
#
######.####.........#
# #.# ##........###
..# #..###...... #.#
##. #..#### #.# #.
#... # #.. ...# #
##.# ##


You could see an orc priest and 2 orcs.

Vanquished Creatures
  2 adders (D:3)
  3 dart slugs
  5 endoplasms
  A giant cockroach (D:1)
  A hobgoblin (D:3)
  A quokka (D:1)
  2 ball pythons
  2 bats (D:2)
  A frilled lizard (D:1)
  5 goblins
  A kobold (D:2)
  5 rats
29 creatures vanquished.

Notes
Turn   | Place    | Note
-------+----------+-------------------------------------------
     0 | D:1      | zeram the Gargoyle Fighter began the quest for the Orb.
     0 | D:1      | Reached XP level 1. HP: 14/14 MP: 1/1
   260 | D:1      | Reached XP level 2. HP: 19/19 MP: 2/2
   355 | D:1      | You fall into a shaft and drop 1 floor!
   915 | D:2      | Reached XP level 3. HP: 23/23 MP: 3/3
  1728 | D:3      | Killed from afar by an orc priest

Illustrated notes

Levels and vault maps discovered:
D:1:      dpeg_arrival_signposts, layout_basic,
          hellmonk_ecumenical_altar_inner_sanctum
D:2:      layout_basic
D:3:      layout_loops_ring

Action                   || total
-------------------------++-------
Melee: Flail             ||    78
  Use: Scroll            ||     5
       Potion            ||     2
Armor: Scale mail        ||    22
       Plate armour      ||    34
Dodge: Dodged            ||    36
Block: Buckler           ||    21
